 Dungeon Crawl Stone Soup version 0.28.0-43-g3370ac3207 (webtiles) character file.

Game seed: 3945324055077467197

6 pkoi the Gusty (level 1, -2/14 HPs)
             Began as a Draconian Air Elementalist on Mar 15, 2022.
             Frozen to death by an endoplasm (5 damage)
             ... on level 1 of the Dungeon.
             The game lasted 00:00:31 (402 turns).

pkoi the Gusty (Draconian Air Elementalist)          Turns: 402, Time: 00:00:33

Health: -2/14      AC:  4    Str: 10    XL:     1   Next: 75%
Magic:  2/3        EV: 12    Int: 15    God:
Gold:   0          SH:  0    Dex: 11    Spells: 3/4 levels left

rFire   . . .      SeeInvis .   b - +0 club
rCold   . . .      Faith    .   (no shield)
rNeg    . . .      Spirit   .   (armour unavailable)
rPois   .          Reflect  .   (helmet restricted)
rElec   .          Harm     .   (no cloak)
rCorr   .          Rampage  .   (no gloves)
Will    .....                   (no boots)
Stlth   ++........              (no amulet)
HPRegen 0.04/turn               (no ring)
MPRegen 0.08/turn               (no ring)

@: slowed, very slow
A: AC +4, unfitting armour, cold-blooded
a: no special abilities


You were on level 1 of the Dungeon.
You visited 1 branch of the dungeon, and saw 1 of its levels.

Inventory:

Hand Weapons
 b - a +0 club (weapon)
Scrolls
 a - a scroll of identify {unknown}


   Skills:
 - Level 1.7 Dodging
 - Level 1.7 Stealth
 - Level 2.0 Spellcasting
 - Level 1.0 Conjurations
 + Level 3.4 Air Magic


You had 3 spell levels left.
You knew the following spells:

 Your Spells              Type           Power      Damage    Failure   Level
a - Shock                 Conj/Air       32%        1d5       9%          1

Your spell library contained the following spells:

 Spells                   Type           Power      Damage    Failure   Level
 Static Discharge         Conj/Air       8%         N/A       14%         2
 Swiftness                Air            11%        N/A       16%         3
 Airstrike                Air            5%         N/A       47%         4


Dungeon Overview and Level Annotations

Branches:
Dungeon (1/15)

Altars:


Innate Abilities, Weirdness & Mutations

Your plain brown scales are hard. (AC +4)
You cannot fit into any form of body armour.
You are cold-blooded and may be slowed by cold attacks.


Message History

Can't find anything matching that.
You start resting.
Magic restored.
The goblin shouts!
A goblin is nearby!
The zap hits the goblin.
The goblin is heavily wounded.
The zap hits the goblin.
You kill the goblin!
You can't see any susceptible monsters within range! (Use Z to cast anyway.)
You can't see any susceptible monsters within range! (Use Z to cast anyway.)
Found a book of Debilitation.
Found 23 stones.
You see here a +0 club.
b - a +0 club
b - a +0 club (weapon)
An endoplasm comes into view.
The endoplasm quivers.
The endoplasm closely misses you.
You hit the endoplasm.
The endoplasm is heavily wounded.
The endoplasm freezes you.
You are frozen.
* * * LOW HITPOINT WARNING * * *
You feel yourself slow down.
You hit the endoplasm.
The endoplasm is heavily wounded.
The endoplasm closely misses you. The endoplasm freezes you.
You are frozen.
* * * LOW HITPOINT WARNING * * *
You feel as though you will be slow longer.
Found a stone staircase leading down.
The endoplasm freezes you.
You are frozen.
* * * LOW HITPOINT WARNING * * *
You feel as though you will be slow longer.
The endoplasm freezes you.
You are frozen.
You die...

......#########...#...##
..........[......!.....##
........................#
........................#
≈≈≈≈≈≈≈≈≈≈≈≈≈........>..#
≈≈≈≈≈≈≈≈≈≈≈≈≈..........##
≈≈≈≈≈≈≈≈≈≈≈≈≈.........##
≈≈≈≈≈#+#'#≈≈≈...#.#...#
###+##..('≈≈≈...@.##..#
.....+...'≈≈≈...#J# .##
####.###'#≈≈≈...#:# .#
...#...'≈≈≈≈≈...#(. .#
...###.#≈≈≈≈≈...#..>.#
.<.###.#≈≈≈≈≈......#..
...#...'≈≈≈≈≈......#..
####.###'#≈≈≈...#... ..
.....#...'≈≈≈...#


You could see an endoplasm.

Vanquished Creatures
  A ball python (D:1)
  A bat (D:1)
  An endoplasm (D:1)
  A goblin (D:1)
  A rat (D:1)
5 creatures vanquished.

Notes
Turn   | Place    | Note
-------+----------+-------------------------------------------
     0 | D:1      | pkoi the Draconian Air Elementalist began the quest for the
                  | Orb.
     0 | D:1      | Reached XP level 1. HP: 14/14 MP: 3/3
   402 | D:1      | Frozen to death by an endoplasm

Illustrated notes

Levels and vault maps discovered:
D:1:      dpeg_arrival_castle, layout_rooms, serial_shops, shop_coins

Action                   || total
-------------------------++-------
Melee: Unarmed           ||     5
       Club              ||     2
       Tailslap          ||     1
 Cast: Shock             ||    12
Armor: Skin              ||     1
Dodge: Dodged            ||     6
